 Dungeon Crawl Stone Soup version 0.20-b1-14-g8425815 (webtiles) character file.

72 tof the Skirmisher (level 4, -8/37 HPs)
             Began as a Demonspawn Monk on May 23, 2017.
             Killed by nerve-wracking pain
             ... invoked by an orc priest
              (9 damage)
             ... on level 3 of the Dungeon.
             The game lasted 00:03:41 (1910 turns).

tof the Skirmisher (Demonspawn Monk)                Turns: 1910, Time: 00:03:42

Health: -8/37      AC:  6    Str: 11    XL:     4   Next: 6%
Magic:  4/4        EV: 11    Int: 12    God:
Gold:   123        SH:  0    Dex: 16    Spells: 3/3 levels left

rFire    + . .     SeeInvis .   a - +0 spear
rCold    . . .     Gourm    .   (no shield)
rNeg     . . .     Faith    .   p - +0 ring mail
rPois    .         Spirit   .   (helmet restricted)
rElec    .         Reflect  .   (no cloak)
rCorr    .         Harm     .   (no gloves)
MR       .....                  n - +0 pair of boots
Stlth    +.........             (no amulet)
Regen    0.2/turn               (no ring)
MPRegen  0.1/turn               (no ring)

@: no status effects
A: antennae 1, fire resistance 1
a: no special abilities


You were on level 3 of the Dungeon.
You were not hungry.

You visited 1 branch of the dungeon, and saw 3 of its levels.

You collected 123 gold pieces.

Inventory:

Hand Weapons
 a - a +0 spear (weapon)
Missiles
 e - 4 tomahawks of dispersal (quivered)
 q - 2 tomahawks
Armour
 n - a +0 pair of boots (worn)
 p - a +0 ring mail (worn)
Jewellery
 i - a cursed -6 ring of strength {unknown}
Scrolls
 g - 3 scrolls of immolation {unknown}
 j - a scroll of amnesia {unknown}
 k - a scroll of random uselessness {unknown}
 l - a scroll of enchant armour {unknown}
 o - 2 scrolls of teleportation {unknown}
 t - a scroll of identify {unknown}
Potions
 d - a potion of mutation {unknown}
 f - a potion of haste {unknown}
 s - 2 potions of flight {unknown}
Comestibles
 b - 3 royal jellies
 c - a bread ration
 h - 2 meat rations
 m - 5 fruits


   Skills:
 * Level 3.7 Fighting
 * Level 3.4 Polearms
 * Level 1.2 Throwing
 * Level 0.8 Armour
 - Level 2.6 Dodging
 - Level 1.7 Stealth


You had 3 spell levels left.
You didn't know any spells.

Dungeon Overview and Level Annotations

Branches:
Dungeon (3/15)

Altars:


Innate Abilities, Weirdness & Mutations

You have a pair of small antennae on your head.
Your flesh is heat resistant. (rF+)


Message History

The orc priest is heavily wounded.
The orc priest barely misses you.
You closely miss the orc priest.
The orc priest is heavily wounded.
The orc priest hits you but does no damage.
You hit the orc priest.
The orc priest is heavily wounded.
The orc priest calls down the wrath of Beogh upon you.
Pain shoots through your body!
* * * LOW HITPOINT WARNING * * *
You hit the orc priest.
The orc priest is severely wounded.
You hit the orc priest but do no damage.
The orc priest is severely wounded.
The orc priest barely misses you.
You completely miss the orc priest.
The orc priest is severely wounded.
The orc priest invokes the aid of Beogh against you.
Pain shoots through your body!
You die...

##.##..##
<........#
##..####.# #..#
#.# ≈ #..#
#.####.... #..#
#......... .
#..# #.####....
....###.o####.#
#
........oo@...#
........#######
#########


You could see 2 orc priests and an orc.

Vanquished Creatures
  2 adders (D:2)
  An ooze (D:1)
  A dart slug (D:1)
  An orc (D:3)
  4 giant cockroaches
  4 hobgoblins
  4 jackals (D:2)
  A quokka (D:2)
  A ball python (D:1)
  6 bats
  5 frilled lizards
  6 goblins
  4 kobolds (D:1)
  5 rats
45 creatures vanquished.

Notes
Turn   | Place    | Note
-------+----------+-------------------------------------------
     0 | D:1      | tof the Demonspawn Monk began the quest for the Orb.
     0 | D:1      | Reached XP level 1. HP: 18/18 MP: 1/1
    47 | D:1      | Gained mutation: Your flesh is heat resistant. (rF+) [demonic ancestry]
    47 | D:1      | Reached XP level 2. HP: 10/24 MP: 2/2
   876 | D:1      | Gained mutation: You have a pair of small antennae on your head. [demonic ancestry]
   876 | D:1      | Reached XP level 3. HP: 26/29 MP: 3/3
  1182 | D:2      | Reached skill level 1 in Throwing
  1839 | D:3      | Reached XP level 4. HP: 37/37 MP: 4/4
  1907 | D:3      | HP: 1/37 [orc priest/nerve-wracking pain (7)]
  1910 | D:3      | Killed from afar by an orc priest

Skill      XL: |  1  2  3 |
---------------+----------+-----
Polearms       | 3 |  3.4
Throwing       | 1 |  1.2
Fighting       | |  3.7
Armour         | |  0.8
Dodging        | |  2.6
Stealth        | |  1.7

Action                   |  1- 3 |  4- 6 || total
-------------------------+-------+-------++-------
Melee: Spear             |   124 |    39 ||   163
 Stab: Sleeping          |    10 |       ||    10
  Eat: Chunk             |     3 |       ||     3
Armor: Robe              |     6 |       ||     6
       Ring mail         |    21 |    14 ||    35
Dodge: Dodged            |    50 |    14 ||    64
